 Dungeon Crawl Stone Soup version 0.19.1-1-g22dce08 (webtiles) character file.

4551 Colliwobble the Cleaver (level 10, -2/92 HPs)
             Began as a Minotaur Fighter on Jan 3, 2017.
             Was an Elder of Okawaru.
             Slain by an unseen horror (4 damage)
             ... on level 9 of the Dungeon.
             The game lasted 00:22:57 (9455 turns).

Colliwobble the Cleaver (Minotaur Fighter)          Turns: 9455, Time: 00:22:58

Health: -2/92      AC: 11    Str: 24    XL:     10   Next: 17%
Magic:  11/11      EV:  4    Int:  5    God:    Okawaru [****..]
Gold:   436        SH:  9    Dex: 10    Spells: 0 memorised, 9 levels left

rFire  + . .     SeeInvis .     a - +2 hand axe (flame)
rCold  . . .     Gourm    .     H - +0 plate armour
rNeg   . . .     Faith    .     c - +0 shield
rPois  .         Spirit   .     (helmet restricted)
rElec  .         Reflect  .     (no cloak)
rCorr  .         Harm     .     (no gloves)
MR     .....                    (no boots)
Stlth  ..........               (no amulet)
                                B - ring of protection from fire
                                p - ring of flight

@: no status effects
A: retaliatory headbutt, horns 2
a: Heroism, Renounce Religion, Evoke Flight


You were on level 9 of the Dungeon.
You worshipped Okawaru.
Okawaru was greatly pleased with you.
You were near starving.

You visited 2 branches of the dungeon, and saw 10 of its levels.

You collected 436 gold pieces.

Inventory:

Hand Weapons
 a - a +2 hand axe of flaming (weapon)
 b - a +0 hunting sling
 q - a +0 battleaxe
 I - a +0 blowgun
Missiles
 o - 57 sling bullets
 F - a throwing net (quivered)
 J - 40 poisoned needles
Armour
 c - a +0 shield (worn)
 s - a +0 chain mail of fire resistance
 H - a +0 plate armour (worn)
Jewellery
 p - a ring of flight (left hand)
 B - a ring of protection from fire (right hand)
 N - an uncursed ring of poison resistance {unknown}
Wands
 y - a wand of confusion (23/48)
 A - a wand of random effects (26/48)
 E - a wand of disintegration (11/24)
 K - a wand of paralysis (17/24)
 L - a wand of digging (13/24)
Scrolls
 e - 3 scrolls of enchant weapon {unknown}
 g - 2 scrolls of fog {unknown}
 h - 12 scrolls of identify {unknown}
 i - 5 scrolls of remove curse {unknown}
 j - a scroll of random uselessness {unknown}
 m - 4 scrolls of teleportation {unknown}
 n - 4 scrolls of enchant armour {unknown}
 u - a scroll of magic mapping {unknown}
 w - a scroll of recharging {unknown}
 D - a scroll of noise {unknown}
 O - a scroll of immolation {unknown}
Potions
 d - 2 potions of might
 k - a potion of lignification {unknown}
 l - 3 potions of heal wounds {unknown}
 r - a potion of ambrosia
 t - 3 potions of mutation {unknown}
 v - a potion of resistance {unknown}
 x - a potion of agility {unknown}
 z - a potion of cure mutation {unknown}
 C - a potion of curing {unknown}
 M - a potion of berserk rage {unknown}
Comestibles
 f - 4 bread rations
 G - a beef jerky
 P - a meat ration
 Q - 3 fruits


   Skills:
 + Level 9.7 Fighting
 + Level 14.3 Axes
 - Level 3.6 Armour
 - Level 3.6 Shields
 - Level 3.0 Invocations


You had 9 spell levels left.
You didn't know any spells.

Dungeon Overview and Level Annotations

Branches:
Dungeon (9/15)             Temple (1/1) D:4
   Lair: D:8-11         Orc: D:9-12

Altars:
Ashenzari
Cheibriados
Dithmenos
Elyvilon
Fedhas
Gozag
Hepliaklqana
Kikubaaqudgha
Makhleb
Nemelex Xobeh
Okawaru
Qazlal
Ru
Sif Muna
Trog
Uskayaw
Vehumet
Xom
Yredelemnul
Zin
The Shining One

Annotations:
D:6 Prince Ribbit


Innate Abilities, Weirdness & Mutations

You reflexively headbutt those who attack you in melee.
You have a pair of horns on your head.


Message History

* * * LOW HITPOINT WARNING * * *
Something hits you.
* * * LOW HITPOINT WARNING * * *
Something hits you but does no damage. Something hits you.
* * * LOW HITPOINT WARNING * * *
Something hits you.
* * * LOW HITPOINT WARNING * * *
Something hits you but does no damage.
There is a stone staircase leading up here.
You see here a tomahawk.
Something hits you.
* * * LOW HITPOINT WARNING * * *
You can't go up here!
You hit something but do no damage. Something hits you.
* * * LOW HITPOINT WARNING * * *
You block something's attack. Something hits you.
* * * LOW HITPOINT WARNING * * *
You see here a tomahawk.
Something hits you but does no damage. Something hits you.
You die...

#...# #.............. #...# ###
#.............. #...# #.##
#.............. #...# ##.##
#..............
##...#######.######)...........).
...................[.............
..............<..................
.##############{#...#############
.# ##@..## .# ##..#
.###############.).#
...................##############
.................................
.................................
###########..###################.
#..# #. #..# #.


There were no monsters in sight!

Vanquished Creatures
  Psyche (D:9)
  A hippogriff (D:9)
  A wraith (D:6)
  The ghost of VictoriousLee the Caller, an amateur TeSu (D:4)
  3 ice beasts (D:8)
  2 orc warriors
  5 ogres
  2 black bears
  A necrophage (D:9)
  4 sky beasts
  3 phantoms
  2 centaurs
  A big kobold (D:8)
  2 bullfrogs (D:6)
  2 gnoll sergeants (D:8)
  A water moccasin zombie (D:6)
  5 killer bees (D:8)
  A centaur zombie (D:7)
  3 crimson imps
  2 quasits (D:9)
  A bullfrog zombie (D:6)
  4 hounds
  4 orc priests
  A centaur skeleton (D:8)
  2 jellies (D:7)
  8 orc wizards
  A bullfrog skeleton (D:7)
  3 iguanas
  Terence (D:3)
  2 worker ants (D:4)
  A worker ant zombie (D:7)
  14 gnolls
  5 adders
  2 shadow imps
  2 adder zombies
  A worm (D:3)
  A dart slug (D:1)
  4 leopard geckos
  41 orcs
  6 giant cockroaches
  2 goblins
  6 hobgoblins
  9 jackals
  3 quokkas
  A ball python (D:2)
  10 bats
  4 frilled lizards
  12 kobolds
  A leopard gecko zombie (D:9)
  11 rats
206 creatures vanquished.

Notes
Turn   | Place    | Note
-------+----------+-------------------------------------------
     0 | D:1      | Colliwobble the Minotaur Fighter began the quest for the Orb.
     0 | D:1      | Reached XP level 1. HP: 19/19 MP: 0/0
    67 | D:1      | Reached skill level 3 in Axes
    93 | D:1      | Reached XP level 2. HP: 26/26 MP: 1/1
   672 | D:2      | Reached skill level 4 in Axes
  1253 | D:2      | Reached XP level 3. HP: 31/31 MP: 2/2
  1707 | D:3      | Noticed a sky beast
  1765 | D:2      | Killed a sky beast
  1765 | D:2      | Reached skill level 6 in Axes
  1765 | D:2      | Reached XP level 4. HP: 7/39 MP: 3/3
  2042 | D:3      | Reached XP level 5. HP: 45/45 MP: 4/4
  2082 | D:3      | Noticed Terence
  2105 | D:3      | Killed Terence
  2105 | D:3      | Reached skill level 7 in Axes
  2470 | D:3      | Reached XP level 6. HP: 47/51 MP: 5/5
  2566 | D:3      | Reached skill level 8 in Axes
  3403 | D:4      | Reached skill level 9 in Axes
  3497 | D:4      | Noticed VictoriousLee's ghost (amateur TeSu)
  3522 | D:4      | Killed VictoriousLee's ghost
  3522 | D:4      | Reached XP level 7. HP: 26/57 MP: 6/6
  3629 | D:4      | Found a staircase to the Ecumenical Temple.
  3638 | Temple   | Entered the Ecumenical Temple
  3730 | Temple   | Became a worshipper of Warmaster Okawaru
  3795 | D:5      | Entered Level 5 of the Dungeon
  3985 | D:5      | Reached skill level 10 in Axes
  4908 | D:6      | Reached * piety under Okawaru
  4908 | D:6      | Reached skill level 11 in Axes
  4943 | D:6      | Reached XP level 8. HP: 64/64 MP: 7/7
  5043 | D:6      | Reached skill level 1 in Invocations
  5277 | D:6      | Noticed Prince Ribbit
  5988 | D:7      | Reached skill level 12 in Axes
  6148 | D:7      | Reached ** piety under Okawaru
  6490 | D:7      | Reached skill level 5 in Fighting
  6540 | D:7      | Found a burning altar of Makhleb.
  6697 | D:7      | Reached XP level 9. HP: 71/74 MP: 10/10
  7120 | D:8      | Found a basalt altar of Yredelemnul.
  7120 | D:8      | Found a deep blue altar of Sif Muna.
  7120 | D:8      | Found a glowing silver altar of Zin.
  7183 | D:8      | Reached skill level 13 in Axes
  7185 | D:8      | Found a shattered altar of Ashenzari.
  7437 | D:8      | Reached *** piety under Okawaru
  8005 | D:8      | Found a bloodstained altar of Trog.
  8452 | D:9      | Reached skill level 14 in Axes
  8468 | D:9      | Noticed Psyche
  8486 | D:9      | Killed Psyche
  8486 | D:9      | Reached **** piety under Okawaru
  8486 | D:9      | Reached XP level 10. HP: 83/91 MP: 8/11
  9453 | D:9      | HP: 4/92 [something (3)]
  9455 | D:9      | Slain by an unseen horror

Skill      XL: |  1  2  3  4  5  6  7  8  9 |
---------------+----------------------------+-----
Axes           | 3 4 6 7 9 11 12 14 | 14.3
Invocations    | 3 |  3.0
Fighting       | 5 9 |  9.7
Armour         | |  3.6
Shields        | |  3.6

Action                   |  1- 3 |  4- 6 |  7- 9 | 10-12 || total
-------------------------+-------+-------+-------+-------++-------
Melee: War axe           |    73 |    24 |       |       ||    97
       Headbutt          |     6 |    20 |    72 |     7 ||   105
       Hand axe          |       |   130 |   378 |    33 ||   541
 Fire: Hunting sling     |     3 |    11 |    32 |       ||    46
Invok: Heroism           |       |       |     2 |     1 ||     3
Evoke: Wand              |       |       |     3 |       ||     3
  Use: Potion            |       |       |     1 |       ||     1
 Stab: Confused          |       |       |     2 |       ||     2
  Eat: Chunk             |     2 |     6 |    15 |     1 ||    24
       Pizza             |       |       |     1 |       ||     1
Armor: Scale mail        |    35 |     8 |       |       ||    43
       Chain mail        |       |    37 |    70 |       ||   107
       Plate armour      |       |       |    50 |    32 ||    82
Dodge: Dodged            |    32 |    26 |    40 |     8 ||   106
Block: Shield            |    33 |    60 |   116 |    29 ||   238
